 Dungeon Crawl Stone Soup version 0.21.1-1-g345015f (webtiles) character file.

202 tyranidshit the Skirmisher (level 5, -6/46 HPs)
             Began as a Demonspawn Abyssal Knight on June 12, 2018.
             Was a Believer of Lugonu.
             Mangled by an ogre
             ... wielding a +0 giant club
              (30 damage)
             ... on level 4 of the Dungeon.
             The game lasted 00:07:30 (2328 turns).

tyranidshit the Skirmisher (DsAK)                   Turns: 2328, Time: 00:07:31

Health: -6/46      AC:  8    Str: 14    XL:     5   Next: 50%
Magic:  6/6        EV:  8    Int: 13    God:    Lugonu [**....]
Gold:   224        SH:  0    Dex: 12    Spells: 4/4 levels left

rFire    . . .     SeeInvis .   j - +1 hand axe (flame)
rCold    . . .     Gourm    .   (no shield)
rNeg     . . .     Faith    .   o - +0 chain mail
rPois    .         Spirit   .   (helmet restricted)
rElec    .         Reflect  .   (no cloak)
rCorr    .         Harm     .   (no gloves)
MR       .....                  (no boots)
Stlth    ..........             (no amulet)
HPRegen  0.15/turn              k - +2 ring of evasion
MPRegen  0.10/turn              (no ring)

@: no status effects
A: horns 1, nightstalker 1
a: Depart the Abyss, Bend Space, Renounce Religion


You were on level 4 of the Dungeon.
You worshipped Lugonu.
Lugonu was pleased with you.
You were not hungry.

You visited 1 branch of the dungeon, and saw 4 of its levels.
You visited the Abyss 1 time.

You collected 224 gold pieces.

Inventory:

Hand Weapons
 a - a +1 hand axe
 j - a +1 hand axe of flaming (weapon)
Armour
 b - a +0 leather armour
 f - a +0 ring mail
 h - a +0 ring mail
 o - a +0 chain mail (worn)
Jewellery
 k - a +2 ring of evasion (left hand)
Wands
 i - a wand of random effects (36)
Scrolls
 d - 3 scrolls of identify
 l - 3 scrolls of remove curse
 m - 2 scrolls of teleportation
 n - a scroll of amnesia
 q - 2 scrolls of blinking {unknown}
 r - a scroll of fog {unknown}
Potions
 e - 2 potions of curing
 g - 2 potions of heal wounds
 p - a potion of agility {unknown}
Comestibles
 c - 2 rations


   Skills:
 + Level 6.3 Fighting
 - Level 1.7 Axes
 - Level 1.7 Armour
 - Level 0.8 Dodging
 - Level 2.4 Invocations


You had 4 spell levels left.
You didn't know any spells.

Dungeon Overview and Level Annotations

Branches:
Dungeon (4/15)
 Temple: D:4-7

Altars:
Ashenzari
Fedhas
Makhleb
Nemelex Xobeh
Okawaru
Ru
Uskayaw
Wu Jian


Innate Abilities, Weirdness & Mutations

You have a pair of small horns on your head.
You are slightly more attuned to the shadows.


Message History

Your chain mail prevents you from hitting the adder.
The adder is heavily wounded.
The adder bites you but does no damage. x2
You closely miss the adder. Your headbutt misses the adder.
The adder is moderately wounded.
The adder closely misses you. The adder barely misses you.
You hit the adder. You burn the adder.
The adder is almost dead.
The adder bites you but does no damage.
You hit the adder but do no damage.
The adder is severely wounded.
The adder barely misses you. x2
You hit the adder. You burn the adder.
You kill the adder!
Lugonu accepts your kill.
You hit the ogre. You burn the ogre.
The ogre is lightly wounded.
The ogre hits you with a giant club!!
Ouch! That really hurt!
You die...

# ##.. ##... ... ##...
.... #..# .... ###.####
..... ##......########
.....###..##...........
......@#.##.....#######
.....#O#.##..#.## ....
#...#.....#
.......###.#..## #####
.............## #...#
....##.......#####.#'##
...# #..#..........+_'.
##.###......######.#+#.
#.....#.#....# ###.#.


You could see an ogre.

Vanquished Creatures
  An ogre (D:4)
  An orc wizard (D:3)
  2 adders
  An ooze (D:3)
  3 dart slugs (D:2)
  2 leopard geckos (D:3)
  4 orcs (D:3)
  2 bats
  A giant cockroach (D:3)
  7 goblins
  2 hobgoblins
  6 jackals
  6 kobolds
  3 quokkas
  A ball python (D:2)
  2 frilled lizards (D:1)
  11 rats
55 creatures vanquished.

Vanquished Creatures (others)
  A jackal (D:2)
1 creature vanquished.

Grand Total: 56 creatures vanquished

Notes
Turn   | Place    | Note
-------+----------+-------------------------------------------
     0 | Abyss:1  | tyranidshit the Demonspawn Abyssal Knight began the quest for the Orb.
     0 | Abyss:1  | Reached XP level 1. HP: 18/18 MP: 2/2
    35 | Abyss:1  | Noticed an apocalypse crab
    42 | Abyss:1  | Noticed a small abomination
    44 | Abyss:1  | Noticed a worldbinder
    45 | Abyss:1  | Noticed a spiny frog
    48 | Abyss:1  | Noticed a dream sheep
    52 | D:1      | Escaped the Abyss
   783 | D:2      | Gained mutation: You are slightly more attuned to the shadows. [demonic ancestry]
   783 | D:2      | Reached XP level 2. HP: 5/25 MP: 3/3
   813 | D:2      | Reached * piety under Lugonu
   861 | D:2      | Found an ornate altar of the Wu Jian Council.
   862 | D:2      | Found an iron altar of Okawaru.
   862 | D:2      | Found a hide-covered altar of Uskayaw.
   863 | D:2      | Found a blossoming altar of Fedhas.
   863 | D:2      | Found a shattered altar of Ashenzari.
   869 | D:2      | Reached skill level 4 in Fighting
  1007 | D:2      | Reached XP level 3. HP: 17/30 MP: 4/4
  1137 | D:2      | Found a sacrificial altar of Ru.
  1137 | D:2      | Found a burning altar of Makhleb.
  1142 | D:2      | Found a transporter.
  1151 | D:2      | Found a transporter.
  1156 | D:2      | Noticed a black bear
  1611 | D:3      | Reached ** piety under Lugonu
  1664 | D:3      | Reached skill level 5 in Fighting
  1664 | D:3      | Gained mutation: You have a pair of small horns on your head. [demonic ancestry]
  1664 | D:3      | Reached XP level 4. HP: 16/39 MP: 5/5
  2100 | D:4      | Noticed an ogre
  2123 | D:4      | Killed an ogre
  2123 | D:4      | Reached skill level 6 in Fighting
  2123 | D:4      | Reached XP level 5. HP: 22/46 MP: 6/6
  2239 | D:4      | Found a sparkling altar of Nemelex Xobeh.
  2314 | D:4      | Noticed an ogre
  2328 | D:4      | Mangled by an ogre

Skill      XL: |  1  2  3  4 |
---------------+-------------+-----
Fighting       | 4 5 6 |  6.3
Axes           | |  1.7
Armour         | |  1.7
Dodging        | |  0.8
Invocations    | |  2.4

Action                   |  1- 3 |  4- 6 || total
-------------------------+-------+-------++-------
Melee: Hand axe          |   143 |    46 ||   189
       Headbutt          |       |     6 ||     6
Invok: Depart the Abyss  |     1 |       ||     1
  Use: Scroll            |     5 |       ||     5
       Potion            |     4 |     2 ||     6
 Stab: Sleeping          |     6 |       ||     6
  Eat: Ration            |     1 |     1 ||     2
Armor: Leather armour    |    48 |       ||    48
       Chain mail        |       |    17 ||    17
Dodge: Dodged            |   111 |    22 ||   133
